 Dungeon Crawl Stone Soup version 0.21.0-3-g78d12a8 (console) character file.

1733 vegansnacktivist the Basher (level 9, 0/76 HPs)
             Began as a Gargoyle Fighter on Jan 17, 2018.
             Was an Initiate of the Shining One.
             Slain by a cyclops (22 damage)
             ... on level 7 of the Dungeon.
             The game lasted 00:10:26 (4976 turns).

vegansnacktivist the Basher (Gargoyle Fighter)      Turns: 4976, Time: 00:10:26

Health: 0/76       AC: 14    Str: 28      XL:     9   Next: 5%
Magic:  9/9        EV:  7    Int:  9      God:    the Shining One [......]
Gold:   251        SH:  9    Dex:  3 (9)  Spells: 8/8 levels left

rFire    . . .     SeeInvis .   m - +0 mace (crush)
rCold    . . .     Gourm    .   c - +0 shield
rNeg     + . .     Faith    .   b - +0 scale mail
rPois    ∞         Spirit   .   (no helmet)
rElec    +         Reflect  .   l - +0 cloak
rCorr    .         Harm     .   (no gloves)
MR       .....                  (no boots)
Stlth    ..........             v - amulet of rage
HPRegen  0.22/turn              A - +3 ring of slaying
MPRegen  0.11/turn              (no ring)

@: berserking, glowing, very quick
A: negative energy resistance 1, electricity resistance, unbreathing,
petrification resistance, rot immunity, AC +6
a: Renounce Religion, Evoke Berserk Rage


You were on level 7 of the Dungeon.
You worshipped the Shining One.
The Shining One was noncommittal.
You were hungry.

You visited 2 branches of the dungeon, and saw 8 of its levels.

You collected 251 gold pieces.

Inventory:

Hand Weapons
 m - a +0 mace of crushing (weapon)
 q - a +2 flail of holy wrath
 r - a +1 mace of protection
Missiles
 x - 6 tomahawks (quivered)
Armour
 b - a +0 scale mail (worn)
 c - a +0 shield (worn)
 l - a +0 cloak (worn)
Jewellery
 v - an amulet of rage (around neck)
 A - a +3 ring of slaying (left hand)
Wands
 p - a wand of flame (15)
 C - a wand of polymorph (8)
Scrolls
 a - 2 scrolls of random uselessness {unknown}
 e - a scroll of teleportation
 g - 3 scrolls of remove curse
 h - 3 scrolls of noise
 i - 4 scrolls of blinking
 j - 2 scrolls of amnesia
 o - a scroll of magic mapping {unknown}
 u - 5 scrolls of identify {unknown}
 w - a scroll of immolation {unknown}
 y - a scroll of acquirement {unknown}
Potions
 d - a potion of might
 k - 3 potions of mutation {unknown}
 n - 2 potions of lignification {unknown}
 s - a potion of berserk rage {unknown}
 t - a potion of agility {unknown}
 z - a potion of heal wounds {unknown}
 B - 2 potions of haste
 D - 2 potions of curing
Books
 E - a book of Necromancy

   Spells                             Type                      Level
   a - Pain                           Necromancy                   1
   b - Animate Skeleton               Necromancy                   1
   c - Vampiric Draining              Necromancy                   3
   d - Regeneration                   Charms/Necromancy            3
   e - Animate Dead                   Necromancy                   4
   f - Borgnjor's Vile Clutch         Necromancy/Earth             5
   The Shining One disapproves of the use of such an item.
Comestibles
 f - 12 rations
 F - 2 chunks of flesh


   Skills:
 - Level 3.2 Fighting
 + Level 11.3 Maces & Flails
 - Level 3.2 Armour
 - Level 3.2 Shields


You had 8 spell levels left.
You didn't know any spells.

Dungeon Overview and Level Annotations

Branches:
Dungeon (7/15)             Temple (1/1) D:6

Altars:
Ashenzari
Cheibriados
Dithmenos
Elyvilon
Fedhas
Gozag
Hepliaklqana
Kikubaaqudgha
Nemelex Xobeh
Okawaru
Ru
Sif Muna
Trog
Uskayaw
Vehumet
Wu Jian
Xom
Yredelemnul
Zin
The Shining One


Innate Abilities, Weirdness & Mutations

You are resistant to torment.
Your stone body is resilient. (AC +6)
You are immune to poison.
You resist negative energy. (rN+)
You are resistant to electric shocks. (rElec)
You can survive without breathing.
You are immune to petrification.
You are immune to rotting.


Message History

You thump the adder zombie!
You destroy the adder zombie!
The Shining One accepts your kill.
Found 17 stones.
The cyclops hits you.
You hit the cyclops.
The cyclops is lightly wounded.
The cyclops hits you!
* * * LOW HITPOINT WARNING * * *
You are too injured to fight recklessly!
You are too injured to fight recklessly!
You are too injured to fight recklessly!
You are too injured to fight recklessly!
Okay, then.
You fail to use your ability.
A red film seems to cover your vision as you go berserk!
You feel yourself moving faster!
You feel mighty!
You are feeling hungry.
The cyclops hits you!!
You die...

#... .. . .. #...
.#.#.. . ...
.#.#.#.. ..
(...... # .#. ...
.###.###.##.#
............#.###
......C@.(.......
.###.##..<#.#.###
##.## # #.# #.#
#.# ... ..# ##


You could see a cyclops.

Vanquished Creatures
  Menkaure (D:4)
  Duvessa (D:4)
  An ice beast (D:6)
  2 sky beasts
  A necrophage (D:6)
  An ogre (D:5)
  A bullfrog (D:6)
  Dowan (D:4)
  3 killer bees (D:5)
  A scorpion (D:4)
  A quasit (D:6)
  5 orc priests
  3 orc wizards
  3 hounds
  A bullfrog skeleton (D:5)
  Jessica (D:2)
  3 iguanas
  Terence (D:3)
  2 worker ants (D:4)
  A worker ant zombie (D:5)
  5 adders
  An ooze (D:1)
  An adder zombie (D:7)
  An adder skeleton (D:5)
  A worm (D:3)
  2 dart slugs
  3 leopard geckos
  21 orcs
  2 giant cockroaches
  15 goblins
  13 hobgoblins
  10 jackals
  3 kobolds
  2 quokkas (D:2)
  2 ball pythons
  7 bats
  7 frilled lizards
  A quokka skeleton (D:5)
  11 rats
142 creatures vanquished.

Notes
Turn   | Place    | Note
-------+----------+-------------------------------------------
     0 | D:1      | vegansnacktivist the Gargoyle Fighter began the quest for the Orb.
     0 | D:1      | Reached XP level 1. HP: 14/14 MP: 1/1
    84 | D:1      | Reached XP level 2. HP: 3/19 MP: 2/2
   438 | D:1      | Reached skill level 3 in Maces & Flails
   533 | D:1      | Reached XP level 3. HP: 21/23 MP: 3/3
  1189 | D:2      | Reached skill level 4 in Maces & Flails
  1272 | D:2      | Noticed Jessica
  1282 | D:2      | Killed Jessica
  1282 | D:2      | Reached XP level 4. HP: 28/28 MP: 4/4
  1933 | D:3      | Found a basalt altar of Yredelemnul.
  1963 | D:3      | Found a glowing golden altar of the Shining One.
  1963 | D:3      | Found a snail-covered altar of Cheibriados.
  1991 | D:3      | Reached skill level 5 in Maces & Flails
  2012 | D:3      | Found an ornate altar of the Wu Jian Council.
  2026 | D:3      | Reached XP level 5. HP: 32/32 MP: 5/5
  2036 | D:3      | Noticed Terence
  2049 | D:3      | Killed Terence
  2190 | D:3      | Found a shattered altar of Ashenzari.
  2474 | D:4      | Reached skill level 6 in Maces & Flails
  2474 | D:4      | Reached XP level 6. HP: 37/37 MP: 6/6
  2487 | D:4      | Noticed Duvessa
  2487 | D:4      | Noticed Dowan
  2499 | D:4      | Killed Duvessa
  2501 | D:4      | Killed Dowan
  2501 | D:4      | Reached skill level 7 in Maces & Flails
  2686 | D:4      | Reached XP level 7. HP: 39/41 MP: 7/7
  2758 | D:4      | Noticed Menkaure
  2763 | D:4      | Killed Menkaure
  2763 | D:4      | Reached skill level 8 in Maces & Flails
  3106 | D:5      | Entered Level 5 of the Dungeon
  3106 | D:5      | Found a shadowy altar of Dithmenos.
  3323 | D:5      | Reached skill level 9 in Maces & Flails
  3323 | D:5      | Reached XP level 8. HP: 21/46 MP: 8/8
  3960 | D:5      | Reached skill level 10 in Maces & Flails
  4105 | D:6      | Noticed Sigmund
  4106 | D:6      | Noticed Sigmund
  4106 | D:6      | Sigmund changed into Sigmund the iguana
  4112 | D:6      | Killed Sigmund the iguana
  4123 | D:6      | Found a staircase to the Ecumenical Temple.
  4229 | Temple   | Entered the Ecumenical Temple
  4365 | D:3      | Became a worshipper of the Shining One
  4522 | D:6      | Reached skill level 11 in Maces & Flails
  4559 | D:6      | Reached XP level 9. HP: 47/51 MP: 9/9
  4966 | D:7      | Noticed a cyclops
  4976 | D:7      | Slain by a cyclops

Skill      XL: |  1  2  3  4  5  6  7  8 |
---------------+-------------------------+-----
Maces & Flails | 3 4 5 6 7 9 11 | 11.3
Fighting       | |  3.2
Armour         | |  3.2
Shields        | |  3.2

Action                   |  1- 3 |  4- 6 |  7- 9 || total
-------------------------+-------+-------+-------++-------
Melee: Flail             |   133 |    91 |    13 ||   237
       Mace              |       |    77 |   270 ||   347
Throw: Tomahawk          |       |       |     1 ||     1
 Abil: Evoke Berserk Rag |       |     1 |     2 ||     3
Evoke: Wand              |       |     2 |     8 ||    10
  Use: Scroll            |       |     5 |       ||     5
  Eat: Chunk             |     1 |     6 |     9 ||    16
Armor: Scale mail        |    90 |    79 |   181 ||   350
Dodge: Dodged            |    56 |    59 |    92 ||   207
Block: Shield            |    77 |    76 |   145 ||   298
